 Dungeon Crawl Stone Soup version 0.26.1-11-gd32895ea62 (webtiles) character file.

Game seed: 17961066436820983177

109 jlumianski the Caller (level 4, -4/18 HPs)
             Began as a Felid Summoner on May 27, 2021.
             Was an Initiate of Makhleb.
             Slain by a shadow (10 damage)
             ... created by the darkness of Dithmenos
             ... on level 4 of the Dungeon.
             The game lasted 00:26:04 (4342 turns).

jlumianski the Caller (Felid Summoner)              Turns: 4342, Time: 00:26:05

Health: -4/18      AC:  1    Str:  4    XL:     4   Next: 59%
Magic:  11/11      EV: 18    Int: 24    God:    Makhleb [......]
Gold:   238        SH:  0    Dex: 16    Spells: 2/11 levels left
                                        Lives:  0   Deaths: 1

rFire    . . .     SeeInvis +   (weapon unavailable)
rCold    . . .     Faith    .   (shield unavailable)
rNeg     . . .     Spirit   .   (armour unavailable)
rPois    .         Reflect  .   (helmet unavailable)
rElec    .         Harm     .   (cloak unavailable)
rCorr    .         Rampage  .   (gloves unavailable)
Will     .....                  (boots unavailable)
Stlth    +++.......             (no amulet)
HPRegen  0.06/turn              l - +6 ring of intelligence
MPRegen  0.12/turn              m - ring of wizardry

@: quick
A: very small, no armour, no weapons or thrown items, stealth, claws 1, fangs 3,
see invisible, speed 1, shaggy fur 1, sharp paws
a: Renounce Religion


You were on level 4 of the Dungeon.
You worshipped Makhleb.
Makhleb was noncommittal.
You visited 2 branches of the dungeon, and saw 5 of its levels.

You collected 238 gold pieces.

Inventory:

Jewellery
 l - a +6 ring of intelligence (left paw)
 m - a ring of wizardry (right paw)
 o - an uncursed amulet of inaccuracy
 q - a +6 ring of dexterity
 y - a cursed ring of teleportation
Wands
 r - a wand of digging (10)
 z - a wand of paralysis (7)
Scrolls
 c - a scroll of identify
 e - 2 scrolls of enchant weapon
 h - a scroll of fear
 j - a scroll of blinking {unknown}
 k - 2 scrolls of teleportation {unknown}
 n - a scroll of immolation {unknown}
 u - 4 scrolls of remove curse
 v - a scroll of random uselessness {unknown}
 w - a scroll of magic mapping {unknown}
Potions
 a - a potion of magic {unknown}
 b - 3 potions of curing
 d - a potion of heal wounds
 f - a potion of lignification {unknown}
 g - a potion of haste {unknown}
 i - a potion of degeneration {unknown}
 p - a potion of mutation {unknown}
 s - a potion of ambrosia {unknown}
 t - a potion of cancellation {unknown}
 x - a potion of attraction {unknown}


   Skills:
 + Level 2.8 Dodging
 + Level 2.8 Stealth
 + Level 0.1 Unarmed Combat
 + Level 4.3 Spellcasting
 + Level 5.3 Summonings


You had 2 spell levels left.
You knew the following spells:

 Your Spells              Type           Power        Failure   Level
a - Summon Small Mammal   Summ           100%         1%          1
b - Call Imp              Summ           30%          1%          2
c - Call Canine Familiar  Summ           30%          1%          3
d - Summon Guardian Gole  Hex/Summ       18%          4%          3

Your spell library contained the following spells:

 Spells                   Type           Power        Failure   Level
 Summon Ice Beast         Ice/Summ       18%          12%         4
 Summon Lightning Spire   Summ/Air       18%          12%         4


Dungeon Overview and Level Annotations

Branches:
Dungeon (4/15)             Temple (1/1) D:4

Altars:
Cheibriados
Dithmenos
Gozag
Hepliaklqana
Kikubaaqudgha
Makhleb
Nemelex Xobeh
Okawaru
Qazlal
Ru
Sif Muna
Uskayaw
Vehumet
Wu Jian
Xom
Yredelemnul
Zin
The Shining One


Innate Abilities, Weirdness & Mutations

You cannot wear armour.
You are incapable of wielding weapons or throwing items.
Your paws allow you to move quietly. (Stealth)
You have sharp claws.
You have razor-sharp teeth.
You have supernaturally acute eyesight. (SInv)
You cover ground quickly.
You are covered in fur. (AC +1)
Your sharp claws are effective at attacking unaware monsters.


Message History

You see here a +0 club.
You swap places.
Items here: )) รทรท.
You swap places.
You see here a +0 club.
Done exploring.
Your hound disappears in a puff of smoke!
Your quokka disappears in a puff of smoke!
Your crimson imp disappears in a puff of smoke!
There is a stone staircase leading down here.
You climb downwards.
You hear the hiss of flowing sand.
There is an entrance to an ossuary on this level.
Hurry and find it before the portal is buried!
The hiss of flowing sand is almost imperceptible now.
The hound skeleton barely misses you. The shadow hits you!
Ouch! That really hurt!
The ufetubus closely misses you. The ufetubus completely misses you.
The shadow hits you!
Ouch! That really hurt!
You die...

## ##. #.. #.# #######.#
#.......+ ##########
#.......#
#...W.5..#####.....).#
####...W@W..>..##........
........Z..W.............
.................#.......
.................#....... ...
...#............###......
.....#.#.....................
.....#............#.....#...#
.....####..#....###..>..###.#
.....#####..<##.[.#.....#...#


You could see 4 shadows, an ufetubus and a hound skeleton.

Vanquished Creatures
  4 bats
  A giant cockroach (D:2)
  A frilled lizard (D:3)
  A rat (D:2)
7 creatures vanquished.

Vanquished Creatures (collateral kills)
  Sigmund (D:4)
  A bullfrog (D:4)
  Ijyb (D:3)
  4 adders
  4 gnolls (D:2)
  3 worms
  2 dart slugs
  A leopard gecko (D:1)
  4 orcs
  11 giant cockroaches
  4 hobgoblins
  A ball python (D:3)
  4 bats
  2 frilled lizards
  5 goblins
  4 kobolds
  6 rats
58 creatures vanquished.

Grand Total: 65 creatures vanquished

Notes
Turn   | Place    | Note
-------+----------+-------------------------------------------
     0 | D:1      | jlumianski the Felid Summoner began the quest for the Orb.
     0 | D:1      | Reached XP level 1. HP: 7/7 MP: 4/4
   605 | D:1      | Reached XP level 2. HP: 11/11 MP: 0/6
   670 | D:1      | Learned a level 2 spell: Call Imp
  1675 | D:2      | Reached XP level 3. HP: 14/14 MP: 0/8
  1818 | D:2      | Learned a level 3 spell: Call Canine Familiar
  2684 | D:3      | Found a shadowy altar of Dithmenos.
  2751 | D:3      | Became a worshipper of Dithmenos the Shadowed
  2772 | D:3      | Reached XP level 4. HP: 18/18 MP: 3/10
  2825 | D:3      | Learned a level 3 spell: Summon Guardian Golem
  3153 | D:3      | Noticed Ijyb
  3168 | D:3      | Killed Ijyb
  3652 | D:4      | Noticed Sigmund
  3666 | D:4      | Killed Sigmund
  3667 | D:4      | Reached skill level 5 in Summonings
  3667 | D:4      | Reached XP level 5. HP: 21/21 MP: 1/11
  3680 | D:4      | Found a staircase to the Ecumenical Temple.
  3699 | Temple   | Entered the Ecumenical Temple
  3887 | Temple   | Fell from the grace of Dithmenos
  3887 | Temple   | Became a worshipper of Makhleb the Destroyer
  4207 | D:4      | Found a snail-covered altar of Cheibriados.
  4266 | D:4      | Noticed a shadow
  4266 | D:4      | Noticed a shadow
  4266 | D:4      | Noticed a shadow
  4266 | D:4      | Noticed a shadow
  4315 | D:3      | HP: 1/21 [adder (4)]
  4316 | D:3      | Succumbed to an adder's poison
  4317 | D:3      | Reached XP level 4. HP: 0/18 MP: 5/11
  4342 | D:4      | Slain by a shadow

Illustrated notes

Levels and vault maps discovered:
D:1:      arrival_zaba_pyramid, layout_basic
D:2:      minmay_roachtagon, layout_loops_ring, feat_on_display
D:3:      layout_basic, grunt_dithmenos_smoke_and_mirrors, uniq_ijyb
D:4:      minmay_polygon_palace, layout_rooms, kennysheep_little_box,
          minmay_temple_entry_tees, serial_shops, kennysheep_mini,
          enter_ossuary_4, dk_noncrumbling_3, uniq_sigmund
Temple:   nicolae_temple_elliptical

Skill      XL: |  1  2  3  4  5 |
---------------+----------------+-----
Spellcasting   | 3 4 |  4.3
Summonings     | 5 |  5.3
Dodging        | |  2.8
Stealth        | |  2.8
Unarmed Combat | |  0.1

Action                   |  1- 3 |  4- 6 || total
-------------------------+-------+-------++-------
Melee: Unarmed           |    19 |     6 ||    25
       Bite              |     1 |       ||     1
 Cast: Summon Small Mamm |    82 |    19 ||   101
       Call Imp          |    21 |    17 ||    38
       Call Canine Famil |     9 |     8 ||    17
  Use: Scroll            |     4 |     2 ||     6
       Potion            |     2 |       ||     2
 Stab: Sleeping          |     4 |     2 ||     6
Armor: Skin              |     1 |     1 ||     2
Dodge: Dodged            |    34 |    25 ||    59
